 Dungeon Crawl Stone Soup version 0.20.1 (webtiles) character file.

37 VajrapaniSR the Ruffian (level 3, -11/36 HPs)
             Began as a Troll Fighter on July 2, 2017.
             Mangled by an orc warrior
             ... wielding a +0 battleaxe
              (19 damage)
             ... on level 4 of the Dungeon.
             The game lasted 00:03:09 (496 turns).

VajrapaniSR the Ruffian (Troll Fighter)              Turns: 496, Time: 00:03:10

Health: -11/36     AC:  5    Str: 29    XL:     3   Next: 21%
Magic:  2/2        EV:  8    Int:  4    God:
Gold:   31         SH:  9    Dex: 10    Spells: 2/2 levels left

rFire    . . .     SeeInvis .     - Unarmed
rCold    + . .     Gourm    +   b - +0 shield
rNeg     . . .     Faith    .   a - +0 robe
rPois    .         Spirit   .   (helmet restricted)
rElec    .         Reflect  .   (no cloak)
rCorr    .         Harm     .   (gloves unavailable)
MR       .....                  (boots unavailable)
Stlth    +.........             (no amulet)
Regen    0.6/turn               h - ring of protection from cold
MPRegen  0.1/turn               (no ring)

@: mighty
A: unfitting armour, claws 3, fast metabolism 3, gourmand, regeneration 1,
shaggy fur 1, tough skin 2
a: no special abilities


You were on level 4 of the Dungeon.
You were hungry.

You visited 1 branch of the dungeon, and saw 4 of its levels.

You collected 31 gold pieces.

Inventory:

Armour
 a - a +0 robe (worn)
 b - a +0 shield (worn)
Jewellery
 c - an uncursed ring of ice
 h - a ring of protection from cold (left claw)
Scrolls
 f - a scroll of identify {unknown}
Comestibles
 d - 2 bread rations
 g - 2 chunks of flesh


   Skills:
 - Level 2.4 Fighting
 - Level 2.4 Dodging
 - Level 2.4 Shields
 + Level 3.7 Unarmed Combat


You had 2 spell levels left.
You didn't know any spells.

Dungeon Overview and Level Annotations

Branches:
Dungeon (4/15)
 Temple: D:4-7

Altars:

Annotations:
D:4 Quirk's ghost, amateur DrFi


Innate Abilities, Weirdness & Mutations

You are too large for most types of armour.
You have claws for hands.
Your metabolism is lightning-fast.
You like to eat raw meat.
Your natural rate of healing is unusually fast.
You are covered in fur. (AC +1)
You have very tough skin. (AC +2)


Message History

Quirk's ghost turns its malevolent gaze towards you.
You block the orc warrior's attack.
The orc shouts!
You claw the orc warrior!
You block the orc warrior's attack. 2 river rats come into view.
You scratch the orc warrior but do no damage.
You block the orc warrior's attack.
You closely miss the orc warrior.
A river rat comes into view.
Your shield prevents you from hitting the orc warrior.
The orc warrior hits you with a battleaxe!!
Ouch! That really hurt!
* * * LOW HITPOINT WARNING * * *
The rat twitches its whiskers.
You hear a shout!
You take 29 damage, and have 7/36 hp.
MASSIVE DAMAGE!!
You barely miss the orc warrior.
The orc warrior hits you with a battleaxe!!
Ouch! That really hurt!
You die...

#. #!# #### ..
... .. ... #.
#.# ≈ #. #.#
.≈≈
###.##.##Wo.r≈
#%..<.@oros.≈≈
#.#.######r..≈
#. . #. #. ##


You could see an orc warrior, an orc wizard, Quirk's ghost, 2 river rats, an
orc, a giant cockroach and a rat.

Vanquished Creatures
  A hound zombie (D:2)
  An adder skeleton (D:2)
  A worm (D:2)
  A bat (D:2)
  A bat skeleton (D:2)
  A bat zombie (D:2)
  A giant cockroach (D:2)
  A goblin (D:1)
  A hobgoblin (D:2)
  2 frilled lizards
  A giant cockroach zombie (D:2)
  3 kobolds
  A quokka zombie (D:2)
  2 rats (D:2)
18 creatures vanquished.

Notes
Turn   | Place    | Note
-------+----------+-------------------------------------------
     0 | D:1      | VajrapaniSR the Troll Fighter began the quest for the Orb.
     0 | D:1      | Reached XP level 1. HP: 22/22 MP: 0/0
     0 | D:1      | murphy: :/
    59 | D:2      | murphy: i'm off watching football final now
    65 | D:2      | murphy: good luck
    65 | D:2      | VajrapaniSR: k
    65 | D:2      | VajrapaniSR: bye
    68 | D:2      | Found a faded altar of an unknown god.
   200 | D:1      | Reached XP level 2. HP: 29/29 MP: 1/1
   235 | D:2      | Reached skill level 3 in Unarmed Combat
   277 | D:2      | Reached XP level 3. HP: 33/36 MP: 2/2
   487 | D:4      | Noticed an orc warrior
   490 | D:4      | Noticed Quirk's ghost (amateur DrFi)
   496 | D:4      | Mangled by an orc warrior

Skill      XL: |  1  2 |
---------------+-------+-----
Unarmed Combat | 3 |  3.7
Fighting       | |  2.4
Dodging        | |  2.4
Shields        | |  2.4

Action                   || total
-------------------------++-------
Melee: Unarmed           ||    72
  Use: Scroll            ||     1
       Potion            ||     1
  Eat: Chunk             ||     1
Armor: Robe              ||    33
Dodge: Dodged            ||    30
Block: Shield            ||    48
